IL
SCRANTON WB RAILRIDERS @ BUFFALO BISONS
07/18/2098
 
TOP OF THE 1ST
Scranton WB RailRiders batting - Pitching for Buffalo Bisons : LHP Jonathan McBride
Pitching: LHP Jonathan McBride
Batting: LHB Ricky Delgado 0-0: Called Strike
0-1: Ball
1-1: Ball
2-1: Ball
3-1: Base on Balls
Batting: LHB Dustin Spears 0-0: Fly out, F7 (Flyball, 7LS, EV 95.0 MPH)
Batting: RHB Jared Brown 0-0: Ball
1-0: Called Strike
1-1: Foul Ball, location: 25FF
1-2: SINGLE (Line Drive, 8RS, EV 109.4 MPH)
Ricky Delgado to second
Batting: LHB Bobby Brown 0-0: Fielders Choice at 2nd, 6-4 (Groundball, 6MD, EV 94.4 MPH)
Ricky Delgado to third
Batting: RHB Nate Anglin 0-0: Fly out, F9 (Flyball, 9, EV 85.0 MPH)
Top of the 1st over - 0 runs, 1 hit, 0 errors, 2 left on base; Scranton WB 0 - Buffalo 0
BOTTOM OF THE 1ST
Buffalo Bisons batting - Pitching for Scranton WB RailRiders : RHP Elijah Wood
Pitching: RHP Elijah Wood
Batting: LHB Jesus Flores 0-0: Ball
1-0: Fly out, F9 (Flyball, 9, EV 92.5 MPH)
Batting: RHB Nate Maine 0-0: Ball
1-0: SINGLE (Line Drive, 5D, EV 98.1 MPH)
Batting: RHB Joe Everson 0-0: Ball
1-0: Ball
2-0: Ball
3-0: Base on Balls
Nate Maine to second
Batting: LHB Matt Formosa 0-0: Called Strike
0-1: Ball
1-1: Grounds into double play, U5-3 (Groundball, 5L, EV 89.4 MPH)
Bottom of the 1st over - 0 runs, 1 hit, 0 errors, 1 left on base; Scranton WB 0 - Buffalo 0
TOP OF THE 2ND
Scranton WB RailRiders batting - Pitching for Buffalo Bisons : LHP Jonathan McBride
Batting: LHB Jesus Canales 0-0: Ball
1-0: Ball
2-0: Called Strike
2-1: Called Strike
2-2: Ball
3-2: Ground out 6-3 (Groundball, 6, EV 99.4 MPH)
Batting: RHB R.J. Hardwick 0-0: SOLO HOME RUN (Flyball, 78XD, EV 100.0 MPH), Distance : 387 ft
Batting: RHB Rich Ruiz 0-0: DOUBLE (Line Drive, 7LS, EV 95.0 MPH)
Batting: RHB Sam Sokol 0-0: Ball
1-0: Ball
2-0: Ground out 5-3 (Groundball, 5, EV 88.8 MPH)
Batting: LHB Ricky Delgado 0-0: Ground out 4-3 (Groundball, 4, EV 107.5 MPH)
Top of the 2nd over - 1 run, 2 hits, 0 errors, 1 left on base; Scranton WB 1 - Buffalo 0
BOTTOM OF THE 2ND
Buffalo Bisons batting - Pitching for Scranton WB RailRiders : RHP Elijah Wood
Batting: RHB John Carr 0-0: Ball
1-0: Ball
2-0: Ball
3-0: Called Strike
3-1: Base on Balls
Batting: LHB Ignacio Tirado 0-0: Ball
1-0: Swinging Strike
1-1: Ball
2-1: SINGLE (Groundball, 6M, EV 79.4 MPH) (infield hit)
John Carr to second
Batting: LHB Greg Phillips 0-0: Fielders Choice at 2nd, 6-4 (Groundball, 6M, EV 101.3 MPH)
John Carr to third
Batting: SHB Damani Fowlkes 0-0: Fly out, F9 (Flyball, 9D, EV 110.6 MPH)
Runner from 3rd tags up, SCORES, no throw by RF
Batting: RHB William Taveras 0-0: Foul Ball, location: 5DF
0-1: Ball
1-1: Ball
2-1: Ball
3-1: Foul Ball, location: 2F
3-2: Strikes out looking
Bottom of the 2nd over - 1 run, 1 hit, 0 errors, 1 left on base; Scranton WB 1 - Buffalo 1
TOP OF THE 3RD
Scranton WB RailRiders batting - Pitching for Buffalo Bisons : LHP Jonathan McBride
Batting: LHB Dustin Spears 0-0: Foul Ball, location: 2F
0-1: Called Strike
0-2: Ball
1-2: Ball
2-2: Ball
3-2: Ground out 6-3 (Groundball, P, EV 85.0 MPH)
Batting: RHB Jared Brown 0-0: Foul Ball, location: 2F
0-1: Called Strike
0-2: Strikes out swinging
Batting: LHB Bobby Brown 0-0: Ball
1-0: Foul Ball, location: 2F
1-1: Ground out 5-3 (Groundball, 5, EV 83.1 MPH)
Top of the 3rd over - 0 runs, 0 hits, 0 errors, 0 left on base; Scranton WB 1 - Buffalo 1
BOTTOM OF THE 3RD
Buffalo Bisons batting - Pitching for Scranton WB RailRiders : RHP Elijah Wood
Batting: LHB Jesus Flores 0-0: Ball
1-0: Called Strike
1-1: Foul Ball, location: 3FF
1-2: Ball
2-2: Strikes out swinging
Batting: RHB Nate Maine 0-0: Ball
1-0: DOUBLE (Line Drive, 9LD, EV 104.4 MPH)
Batting: RHB Joe Everson 0-0: Ball
1-0: Ball
2-0: Foul Ball, location: 2F
2-1: Fly out, F8 (Flyball, 8LXD, EV 111.9 MPH)
Runner from 2nd tags up, SAFE at 3rd, no throw by CF
Batting: LHB Matt Formosa 0-0: Ball
1-0: Swinging Strike
1-1: Foul Ball, location: 7LDF
1-2: Strikes out swinging
Bottom of the 3rd over - 0 runs, 1 hit, 0 errors, 1 left on base; Scranton WB 1 - Buffalo 1
TOP OF THE 4TH
Scranton WB RailRiders batting - Pitching for Buffalo Bisons : LHP Jonathan McBride
Batting: RHB Nate Anglin 0-0: SINGLE (Line Drive, 3D, EV 98.1 MPH)
Batting: LHB Jesus Canales 0-0: Ball
1-0: Ball
2-0: Ball
3-0: Foul Ball, location: 3F
3-1: Base on Balls
Nate Anglin to second
Batting: RHB R.J. Hardwick 0-0: Called Strike
0-1: Foul Ball, location: 3FF
0-2: Strikes out looking
Batting: RHB Rich Ruiz 0-0: Ball
1-0: Ball
2-0: Called Strike
2-1: Fly out, F8 (Flyball, 8LD, EV 86.3 MPH)
Batting: RHB Sam Sokol 0-0: Called Strike
0-1: Ball
1-1: Foul Ball, location: 7LMFF
1-2: Strikes out looking
Top of the 4th over - 0 runs, 1 hit, 0 errors, 2 left on base; Scranton WB 1 - Buffalo 1
BOTTOM OF THE 4TH
Buffalo Bisons batting - Pitching for Scranton WB RailRiders : RHP Elijah Wood
Batting: RHB John Carr 0-0: Fly out, F8 (Flyball, 8LXD, EV 102.5 MPH)
Batting: LHB Ignacio Tirado 0-0: Swinging Strike
0-1: DOUBLE (Line Drive, 7LM, EV 105.0 MPH)
Batting: LHB Greg Phillips 0-0: Ground out U3 (Groundball, 34, EV 88.8 MPH)
Ignacio Tirado to third
Batting: SHB Damani Fowlkes 0-0: Ball
1-0: Ball
2-0: Ball
3-0: Called Strike
3-1: Foul Ball, location: 7LMF
3-2: Base on Balls
Batting: RHB William Taveras 0-0: Ball
1-0: Ball
2-0: Called Strike
2-1: Fly out, F8 (Flyball, 8RXD, EV 106.3 MPH)
Bottom of the 4th over - 0 runs, 1 hit, 0 errors, 2 left on base; Scranton WB 1 - Buffalo 1
TOP OF THE 5TH
Scranton WB RailRiders batting - Pitching for Buffalo Bisons : LHP Jonathan McBride
Batting: LHB Ricky Delgado 0-0: Foul Ball, location: 5F
0-1: Swinging Strike
0-2: Ground out 5-3 (Groundball, 56, EV 92.5 MPH)
Batting: LHB Dustin Spears 0-0: Ball
1-0: Called Strike
1-1: Ball
2-1: Called Strike
2-2: Ball
3-2: Foul Ball, location: 2F
3-2: Strikes out swinging
Batting: RHB Jared Brown 0-0: Ball
1-0: Swinging Strike
1-1: Called Strike
1-2: Strikes out swinging, 2-3 out at first.
Top of the 5th over - 0 runs, 0 hits, 0 errors, 0 left on base; Scranton WB 1 - Buffalo 1
BOTTOM OF THE 5TH
Buffalo Bisons batting - Pitching for Scranton WB RailRiders : RHP Elijah Wood
Batting: LHB Jesus Flores 0-0: SINGLE (Groundball, 13S, EV 70.0 MPH) (infield hit)
Batting: RHB Nate Maine 0-0: Ball
1-0: Called Strike
1-1: Ball
2-1: Bunt missed!
2-2: Ball
3-2: SINGLE (Line Drive, 3D, EV 94.4 MPH)
Jesus Flores to second
Runner from 2nd tries for 3rd, SAFE, no throw by RF
Batting: RHB Joe Everson 0-0: Called Strike
Nate Maine steals 2nd base
0-1: Foul Ball, location: 2RF
0-2: Foul Ball, location: 3F
0-2: Strikes out swinging
Batting: LHB Matt Formosa 0-0: Ball
1-0: Ball
2-0: Foul Ball, location: 3F
2-1: SINGLE (Groundball, 34, EV 96.9 MPH)
Jesus Flores scores
Nate Maine to third
Runner from 3rd tries for Home, SAFE, throw by RF to home
Batting: RHB John Carr 0-0: Called Strike
0-1: Fly out, F9 (Flyball, 89S, EV 89.4 MPH)
Batting: LHB Ignacio Tirado 0-0: Foul Ball, location: 23F
0-1: Called Strike
0-2: SINGLE (Groundball, 34D, EV 110.0 MPH)
Matt Formosa to second
Runner from 2nd tries for 3rd, SAFE, throw by RF made to third
Batting: LHB Greg Phillips 0-0: Ball
1-0: Foul Ball, location: 5F
1-1: SINGLE (Groundball, 56D, EV 100.6 MPH)
Matt Formosa scores
Ignacio Tirado to second
Runner from 2nd tries for 3rd, SAFE, no throw by LF
Batting: SHB Damani Fowlkes 0-0: Ball
1-0: Called Strike
1-1: Fielders Choice at 2nd, 6-4 (Groundball, 6, EV 81.3 MPH)
Bottom of the 5th over - 3 runs, 5 hits, 0 errors, 2 left on base; Scranton WB 1 - Buffalo 4
TOP OF THE 6TH
Scranton WB RailRiders batting - Pitching for Buffalo Bisons : LHP Jonathan McBride
Batting: LHB Bobby Brown 0-0: Called Strike
0-1: Foul Ball, location: 25F
0-2: Ball
1-2: Ball
2-2: Fly out, F8 (Flyball, 78D, EV 103.1 MPH)
Batting: RHB Nate Anglin 0-0: Swinging Strike
0-1: Ball
1-1: Ball
2-1: Foul Ball, location: 25F
2-2: Foul Ball, location: 2F
2-2: Strikes out looking
Batting: LHB Jesus Canales 0-0: Called Strike
0-1: Foul Ball, location: 7LSF
0-2: Strikes out swinging
Top of the 6th over - 0 runs, 0 hits, 0 errors, 0 left on base; Scranton WB 1 - Buffalo 4
BOTTOM OF THE 6TH
Buffalo Bisons batting - Pitching for Scranton WB RailRiders : RHP Elijah Wood
Batting: RHB William Taveras 0-0: Called Strike
0-1: SINGLE (Groundball, 4MD, EV 95.6 MPH)
Batting: LHB Jesus Flores 0-0: DOUBLE (Flyball, 78D, EV 111.9 MPH)
William Taveras to third
Runner from 3rd tries for Home, SAFE, throw by CF to home
Batting: RHB Nate Maine 0-0: Called Strike
0-1: Swinging Strike
0-2: Ball
1-2: SINGLE (Groundball, 4D, EV 96.3 MPH)
Jesus Flores to third
Batting: RHB Joe Everson 0-0: Ball
1-0: Called Strike
1-1: Ball
2-1: SINGLE (Line Drive, 8LS, EV 95.6 MPH)
Jesus Flores scores
Nate Maine to second
Pitching: RHP Jaylen Allen
Batting: LHB Matt Formosa 0-0: Swinging Strike
0-1: Swinging Strike
0-2: Strikes out swinging
Batting: RHB John Carr 0-0: Swinging Strike
0-1: Foul Ball, location: 5FF
0-2: Foul Ball, location: 5F
0-2: Strikes out swinging
Batting: LHB Ignacio Tirado 0-0: Ball
1-0: Called Strike
1-1: Ball
2-1: Ground out 6-3 (Groundball, 6MS, EV 71.3 MPH)
Bottom of the 6th over - 2 runs, 4 hits, 0 errors, 2 left on base; Scranton WB 1 - Buffalo 6
TOP OF THE 7TH
Scranton WB RailRiders batting - Pitching for Buffalo Bisons : LHP Jonathan McBride
Batting: RHB R.J. Hardwick 0-0: Ball
1-0: Ground out 6-3 (Groundball, 6, EV 75.6 MPH)
Batting: RHB Rich Ruiz 0-0: Called Strike
0-1: Ball
1-1: Ground out 5-3 (Groundball, 5S, EV 66.3 MPH)
Batting: RHB Sam Sokol 0-0: Ball
1-0: Ground out 4-3 (Groundball, 4D, EV 96.9 MPH)
Top of the 7th over - 0 runs, 0 hits, 0 errors, 0 left on base; Scranton WB 1 - Buffalo 6
BOTTOM OF THE 7TH
Buffalo Bisons batting - Pitching for Scranton WB RailRiders : RHP Jaylen Allen
Batting: LHB Greg Phillips 0-0: Called Strike
0-1: Ball
1-1: Ball
2-1: Ball
3-1: Swinging Strike
3-2: Strikes out swinging
Batting: SHB Damani Fowlkes 0-0: Foul Ball, location: 3F
0-1: Fly out, F9 (Flyball, 89D, EV 96.3 MPH)
Batting: RHB William Taveras 0-0: SINGLE (Groundball, 34D, EV 97.5 MPH)
Batting: LHB Jesus Flores 0-0: Ball
1-0: Ball
2-0: Ball
3-0: Called Strike
3-1: Base on Balls
William Taveras to second
Batting: RHB Nate Maine 0-0: Called Strike
0-1: Ball
1-1: Swinging Strike
1-2: Ball
2-2: Ball
3-2: Foul Ball, location: 2F
3-2: Base on Balls
William Taveras to third
Jesus Flores to second
Batting: RHB Joe Everson 0-0: Ball
1-0: Ball
2-0: Ball
3-0: Called Strike
3-1: Base on Balls
William Taveras scores
Jesus Flores to third
Nate Maine to second
Batting: LHB Matt Formosa 0-0: Swinging Strike
0-1: Ball
1-1: Ball
2-1: Called Strike
2-2: Foul Ball, location: 7LSF
2-2: Fielders Choice at 2nd, U6 (Groundball, 6M, EV 79.4 MPH)
Bottom of the 7th over - 1 run, 1 hit, 0 errors, 3 left on base; Scranton WB 1 - Buffalo 7
TOP OF THE 8TH
Scranton WB RailRiders batting - Pitching for Buffalo Bisons : LHP Jonathan McBride
Pitching: RHP Kevin Qualls
Batting: LHB Ricky Delgado 0-0: Ball
1-0: Foul Ball, location: 2F
1-1: Swinging Strike
1-2: Foul Ball, location: 9LSF
1-2: SINGLE (Line Drive, 7S, EV 105.6 MPH)
Batting: LHB Dustin Spears 0-0: Ball
1-0: Called Strike
1-1: Called Strike
1-2: Foul Ball, location: 7LDF
1-2: Strikes out swinging
Batting: RHB Jared Brown 0-0: SINGLE (Line Drive, 8LS, EV 94.4 MPH)
Ricky Delgado to second
Runner from 2nd tries for 3rd, SAFE, throw by CF made to third
Batting: LHB Bobby Brown 0-0: Called Strike
0-1: Foul Ball, location: 7LMF
0-2: Fly out, F7 (Flyball, 7D, EV 104.4 MPH)
Runner from 3rd tags up, SCORES, no throw by LF
Batting: RHB Nate Anglin 0-0: Called Strike
0-1: Ball
1-1: Ball
2-1: Ball
3-1: Base on Balls
Jared Brown to second
Batting: LHB Jesus Canales 0-0: Ball
1-0: Swinging Strike
1-1: Ball
2-1: Swinging Strike
2-2: Strikes out looking
Top of the 8th over - 1 run, 2 hits, 0 errors, 2 left on base; Scranton WB 2 - Buffalo 7
BOTTOM OF THE 8TH
Buffalo Bisons batting - Pitching for Scranton WB RailRiders : RHP Jaylen Allen
Batting: RHB John Carr 0-0: Called Strike
0-1: SINGLE (Groundball, 2R, EV 74.4 MPH) (infield hit)
Batting: LHB Ignacio Tirado 0-0: Foul Ball, location: 7LSFF
0-1: Ball
1-1: Called Strike
1-2: Ball
2-2: Strikes out looking
Batting: LHB Greg Phillips 0-0: SINGLE (Line Drive, 7S, EV 98.8 MPH)
John Carr to second
Batting: SHB Damani Fowlkes 0-0: Ball
1-0: Fly out, F8 (Line Drive, 78M, EV 94.4 MPH)
Batting: RHB William Taveras 0-0: Called Strike
0-1: Ball
1-1: Ball
2-1: Foul Ball, location: 3FF
2-2: Strikes out looking
Bottom of the 8th over - 0 runs, 2 hits, 0 errors, 2 left on base; Scranton WB 2 - Buffalo 7
TOP OF THE 9TH
Scranton WB RailRiders batting - Pitching for Buffalo Bisons : RHP Kevin Qualls
Batting: RHB R.J. Hardwick 0-0: Foul Ball, location: 2F
0-1: Fly out, F4 (Popup, 4S, EV 68.1 MPH)
Batting: RHB Rich Ruiz 0-0: Ball
1-0: Ball
2-0: Called Strike
2-1: Swinging Strike
2-2: Strikes out swinging
Batting: RHB Sam Sokol 0-0: Foul Ball, location: 2F
0-1: Foul Ball, location: 9LSF
0-2: Ball
1-2: Ball
2-2: Foul Ball, location: 7LSF
2-2: Strikes out swinging
Top of the 9th over - 0 runs, 0 hits, 0 errors, 0 left on base; Scranton WB 2 - Buffalo 7
Wednesday, April 10th , 2024 - OOTP Baseball 24.11 Build 85